Map: [ESL] Alcyone

Players

SKillous

  • Race: Protoss Protoss
  • League: Grandmaster
  • Spawn Location: 1:00

Spirit (souL) - Winner!

  • Race: Terran Terran
  • League: Master
  • Spawn Location: 7:00

Event: HomeStory Cup XXIV

VOD

Have the link to the VOD?

Description

Time

  • Played on: Dec. 2, 2023, 8:14 a.m.
  • Length: 12:55

All games in this series

Show
View Real Time Build Order
Export as new Build Order

SKillous Protoss 

Build Orders: 1 Gate Expand, Phoenix Opening, Colossus Rush 

Get SALT Encoding   

  12  0:00  Probe  
  13  0:12  Probe  
  14  0:17  Pylon  
  14  0:24  Probe  
  15  0:36  Gateway  
  15  0:37  Probe (Chrono Boost)  
  16  0:42  Assimilator  
  16  0:46  Probe (Chrono Boost)  
  17  0:51  Probe (Chrono Boost)  
  18  1:03  Probe  
  19  1:15  Probe  
  20  1:23  Cybernetics Core  
  20  1:30  Nexus  
  20  1:37  Pylon  
  21  1:40  Probe  
  21  1:45  Assimilator  
  21  1:52  Probe  
  22  1:56  Adept (Chrono Boost)  
  24  2:04  Probe (Chrono Boost)  
  25  2:16  Probe (Chrono Boost)  
  25  2:19  Stargate  
  25  2:20  Adept  
  28  2:24  Probe (Chrono Boost)  
  29  2:30  Warp Gate, Probe  
  30  2:42  Probe (Chrono Boost)  
  32  2:48  Probe (Chrono Boost)  
  32  2:50  Stalker  
  35  2:51  Probe (Chrono Boost)  
  35  2:55  Probe (Chrono Boost)  
  35  2:57  Probe (Chrono Boost)  
  36  3:03  Phoenix (Chrono Boost)  
  39  3:06  Probe  
  39  3:09  Probe  
  41  3:18  Probe  
  41  3:21  Probe  
  41  3:23  Pylon  
  41  3:24  Phoenix (Chrono Boost)  
  44  3:31  Probe  
  44  3:33  Probe  
  46  3:43  Probe  
  46  3:44  Phoenix  
  46  3:45  Probe (Chrono Boost)  
  46  3:47  Assimilator  
  48  3:50  Gateway  
  48  3:53  Robotics Facility  
  49  3:56  Assimilator  
  49  3:57  Probe (Chrono Boost)  
  49  4:01  Probe (Chrono Boost)  
  50  4:04  Pylon  
  50  4:05  Probe (Chrono Boost)  
  50  4:09  Probe (Chrono Boost)  
  52  4:13  Probe  
  53  4:20  Probe  
  53  4:22  Phoenix  
  56  4:24  Pylon  
  56  4:25  Probe  
  57  4:32  Probe, Stalker  
  57  4:35  Pylon  
  57  4:37  Shield Battery  
  60  4:43  Immortal  
  64  4:48  Phoenix  
  66  4:57  Robotics Bay  
  66  5:02  Nexus  
  66  5:10  Pylon  
  66  5:11  Probe x2  
  68  5:17  Phoenix  
  68  5:18  Stalker  
  72  5:22  Observer  
  72  5:23  Probe  
  72  5:26  Probe  
  72  5:27  Pylon  
  75  5:29  Shield Battery  
  75  5:35  Probe  
  76  5:38  Probe  
  77  5:43  Colossus (Chrono Boost)  
  83  5:51  Probe  
  83  5:52  Extended Thermal Lance (Chrono Boost), Twilight Council  
  83  5:53  Probe  
  85  5:58  Pylon  
  85  6:00  Pylon  
  85  6:03  Probe  
  86  6:04  Sentry  
  86  6:05  Zealot  
  86  6:07  Probe  
  91  6:15  Probe x2  
  91  6:17  Gateway  
  91  6:20  Gateway  
  91  6:27  Sentry  
  91  6:28  Zealot  
  91  6:29  Colossus (Chrono Boost), Probe  
  96  6:35  Probe  
  96  6:36  Pylon  
  96  6:39  Probe  
  104  6:43  Probe  
  104  6:44  Gateway  
  105  6:48  Stalker  
  105  6:51  Probe  
  108  6:55  Probe  
  108  7:00  Probe  
  103  7:03  Probe  
  103  7:06  Stalker  
  103  7:07  Probe  
  106  7:13  Probe  
  106  7:15  Probe, Charge (Chrono Boost)  
  101  7:20  Probe  
  96  7:25  Probe  
  96  7:27  Probe  
  97  7:32  Probe  
  94  7:37  Probe (Chrono Boost)  
  94  7:41  Probe (Chrono Boost)  
  93  7:47  Pylon  
  93  7:48  Probe (Chrono Boost)  
  93  7:49  Probe (Chrono Boost), Phoenix  
  93  7:51  Colossus (Chrono Boost)  
  94  7:56  Zealot x3, Probe (Chrono Boost)  
  94  7:57  Probe (Chrono Boost)  
  109  7:59  Probe (Chrono Boost)  
  109  8:03  Probe x2  
  109  8:08  Probe  
  110  8:15  Probe x2 (Chrono Boost)  
  110  8:16  Zealot x3  
  110  8:17  Zealot  
  120  8:23  Probe (Chrono Boost)  
  121  8:27  Probe (Chrono Boost)  
  121  8:28  Probe (Chrono Boost)  
  124  8:34  Forge  
  124  8:36  Forge, Probe (Chrono Boost)  
  124  8:38  Probe (Chrono Boost)  
  124  8:40  Probe (Chrono Boost)  
  124  8:45  Observer (Chrono Boost)  
  126  8:52  Probe  
  126  8:53  Nexus  
  127  8:56  Pylon  
  127  8:58  Warp Prism (Chrono Boost), Probe x2  
  131  9:05  Probe  
  131  9:06  Protoss Ground Weapons Level 1 (Chrono Boost), Pylon  
  131  9:08  Protoss Ground Armor Level 1 (Chrono Boost)  
  132  9:12  Gateway, Pylon  
  132  9:13  Gateway  
  132  9:18  Pylon  
  132  9:19  Pylon  
  132  9:27  Blink (Chrono Boost)  
  132  9:29  Disruptor (Chrono Boost), Gateway  
  132  9:30  Gateway  
  132  9:37  Photon Cannon  
  136  9:39  Photon Cannon, Probe  
  136  9:41  Probe  
  138  9:48  Zealot x3  
  138  9:50  Zealot  
  138  9:52  Probe x2  
  148  9:58  Robotics Facility  
  148  9:59  Probe  
  147  10:05  Zealot  
  149  10:07  Probe  
  149  10:10  Gravitic Drive  
  149  10:11  Pylon  
  149  10:12  Probe  
  149  10:13  Pylon  
  151  10:15  Shield Battery  
  151  10:17  Probe  
  151  10:18  Probe  
  151  10:20  Zealot  
  151  10:21  Zealot  
  155  10:34  Zealot x2  
  155  10:35  Zealot x5  
  151  10:44  Probe  
  151  10:45  Probe  
  151  10:47  Observer (Chrono Boost)  
  151  10:48  Photon Cannon  
  151  10:49  Shield Battery  
  154  10:51  Probe  
  154  10:55  Disruptor (Chrono Boost)  
  154  10:59  Zealot x8  
  154  11:02  Disruptor  
  154  11:03  Pylon  
  168  11:20  Nexus  
  168  11:25  Disruptor (Chrono Boost)  
  172  11:35  Probe x2  
  172  11:38  Immortal (Chrono Boost)  
  174  11:43  Dark Shrine  
  174  11:46  Assimilator  
  178  11:50  Assimilator  
  178  11:53  Warp Prism (Chrono Boost)  
  178  11:54  Pylon  
  130  12:08  Disruptor (Chrono Boost)  
  130  12:10  Zealot x9  
  120  12:23  Disruptor (Chrono Boost)  
  122  12:32  Stalker x8  
  138  12:41  Zealot  
Show
View Real Time Build Order
Export as new Build Order

Spirit Terran - Winner!

Build Orders: Reaper Expand 

Get SALT Encoding   

  12  0:00  SCV  
  13  0:12  SCV  
  14  0:17  Supply Depot  
  14  0:24  SCV  
  15  0:38  SCV  
  15  0:40  Barracks  
  16  0:44  Refinery  
  16  0:50  SCV  
  17  1:02  SCV  
  18  1:14  SCV  
  19  1:27  Orbital Command  
  19  1:28  Reaper  
  20  1:40  Command Center  
  20  1:49  Supply Depot  
  20  1:52  SCV  
  21  1:59  Marine  
  22  2:04  SCV  
  23  2:12  Factory  
  23  2:16  Bunker  
  23  2:17  SCV  
  23  2:19  Marine  
  25  2:23  Refinery  
  25  2:29  SCV  
  26  2:37  Barracks Reactor  
  26  2:41  SCV  
  27  2:53  Orbital Command, SCV  
  28  3:00  Hellion  
  28  3:02  Starport  
  28  3:05  SCV  
  31  3:15  Marine x2  
  31  3:17  SCV  
  33  3:21  Widow Mine, SCV  
  36  3:29  SCV  
  36  3:33  Marine, SCV  
  39  3:34  Marine  
  40  3:41  SCV  
  40  3:42  Medivac  
  40  3:43  Widow Mine  
  40  3:45  SCV  
  40  3:46  Supply Depot  
  46  3:56  Supply Depot  
  46  4:04  SCV  
  46  4:06  SCV, Marine  
  46  4:07  Cyclone  
  48  4:11  Barracks  
  48  4:14  Viking  
  48  4:16  SCV  
  51  4:18  SCV  
  51  4:23  Supply Depot  
  52  4:26  Marine  
  52  4:28  Barracks, SCV  
  52  4:30  SCV  
  52  4:31  Marine  
  56  4:36  Engineering Bay  
  56  4:37  Refinery  
  56  4:40  SCV  
  56  4:42  Factory Tech Lab, SCV  
  56  4:44  Marine  
  59  4:47  Starport Tech Lab  
  59  4:51  Marine  
  61  4:52  SCV  
  61  4:54  SCV  
  61  4:55  Supply Depot  
  62  5:00  Barracks Tech Lab  
  62  5:03  Siege Tank  
  62  5:04  SCV  
  62  5:05  Terran Infantry Weapons Level 1  
  62  5:06  SCV  
  66  5:08  Marine  
  65  5:15  Marine  
  65  5:17  SCV  
  65  5:18  SCV  
  65  5:20  Stimpack  
  65  5:21  Marauder  
  69  5:24  Refinery  
  69  5:26  Starport Reactor, Missile Turret  
  69  5:29  SCV  
  69  5:30  SCV  
  69  5:32  Combat Shield  
  69  5:34  Supply Depot  
  69  5:35  Marauder  
  73  5:40  Marine  
  73  5:41  SCV  
  73  5:42  Marauder  
  76  5:43  SCV  
  77  5:53  SCV  
  77  5:54  Supply Depot  
  77  5:55  Siege Tank, SCV, Supply Depot  
  82  5:58  Marine  
  82  5:59  Marauder  
  85  6:12  Command Center  
  85  6:15  Medivac x2  
  85  6:16  Marauder  
  91  6:24  Marauder  
  91  6:25  Supply Depot  
  93  6:27  Supply Depot  
  93  6:28  SCV  
  93  6:30  SCV  
  95  6:33  Marine  
  95  6:36  Factory Reactor  
  95  6:38  Marauder, Marine  
  99  6:40  SCV  
  99  6:42  SCV  
  100  6:47  Marauder  
  100  6:49  Medivac x2  
  100  6:51  Marine  
  100  6:52  SCV  
  105  6:54  SCV  
  105  6:56  Marine  
  105  7:00  Concussive Shells, Marauder  
  104  7:04  SCV  
  104  7:07  SCV  
  104  7:08  Marine  
  101  7:09  Marine  
  101  7:13  Marine  
  100  7:16  SCV  
  100  7:19  Viking, SCV  
  100  7:21  Marauder  
  106  7:24  Barracks  
  106  7:26  Marine, Marauder  
  106  7:28  SCV  
  110  7:30  Barracks  
  110  7:31  SCV  
  104  7:40  SCV  
  104  7:41  Marine  
  104  7:42  Marauder  
  104  7:43  Widow Mine  
  108  7:47  Marauder, SCV  
  67  7:51  Viking x2  
  109  7:52  Marine, SCV  
  112  7:59  SCV  
  112  8:01  Ghost Academy  
  112  8:04  SCV  
  114  8:11  SCV  
  113  8:13  Bunker  
  113  8:14  Missile Turret  
  113  8:16  Widow Mine  
  113  8:18  Terran Infantry Armor Level 1  
  115  8:25  Barracks Reactor  
  117  8:28  Medivac  
  117  8:29  SCV  
  117  8:31  Ghost  
  120  8:36  SCV  
  120  8:37  Supply Depot  
  120  8:38  Ghost  
  119  8:41  Ghost  
  119  8:46  Orbital Command  
  119  8:47  SCV  
  121  8:48  SCV  
  121  8:55  Refinery  
  122  8:59  SCV  
  122  9:00  Ghost, Missile Turret, SCV  
  122  9:01  Medivac, Supply Depot  
  128  9:06  Marine  
  128  9:07  Marauder  
  131  9:10  Marine  
  131  9:11  Medivac, SCV, Marauder  
  131  9:13  SCV  
  131  9:15  Refinery  
  138  9:20  SCV  
  138  9:21  Starport  
  138  9:22  Marine  
  138  9:23  SCV  
  138  9:24  Supply Depot  
  141  9:29  Marauder x2  
  141  9:30  Supply Depot  
  145  9:31  Medivac  
  145  9:32  Marine  
  145  9:35  Marine  
  149  9:41  Command Center  
  149  9:45  Medivac  
  153  9:46  Marine x2, Marauder  
  153  9:48  SCV  
  153  9:49  SCV  
  153  9:50  Marauder  
  153  9:51  Marauder  
  161  9:55  Armory, SCV, Engineering Bay  
  161  9:59  Marine  
  163  10:00  SCV  
  163  10:03  Marine  
  167  10:07  Marauder  
  167  10:09  Marine  
  167  10:11  Marauder, Supply Depot  
  167  10:12  Marine, Marauder  
  173  10:25  Marine  
  173  10:32  Viking x2, Marine  
  173  10:33  Marauder x2  
  180  10:35  Marauder  
  180  10:37  Viking  
  180  10:38  Marine  
  180  10:40  Marine  
  167  10:43  Medivac  
  167  10:45  Marine  
  167  10:46  SCV  
  171  10:50  Marine  
  171  10:54  Marine, Marauder  
  171  10:56  Marine  
  171  10:57  Marauder  
  178  10:58  Marine  
  178  10:59  SCV x3  
  178  11:02  Viking, Medivac  
  186  11:09  Marine x2  
  188  11:12  Viking  
  188  11:15  Refinery  
  190  11:19  Fusion Core  
  190  11:21  Planetary Fortress  
  190  11:23  Refinery  
  190  11:24  Missile Turret  
  190  11:25  Marine  
  190  11:27  Marine  
  190  11:28  SCV  
  190  11:32  Viking  
  194  11:33  Marine  
  194  11:36  Viking  
  195  11:43  Sensor Tower  
  195  11:47  Sensor Tower  
  196  12:01  Marauder, Marine  
  196  12:07  Liberator, Marine  
  186  12:24  Command Center  
  186  12:29  Marine  
  186  12:31  Barracks  
  186  12:32  Barracks  
Tags
 
Add a new tag
Caveats
  • Supply blocks, unpowered buildings, or Contaminate may cause inaccurate times.
  • Supply counts are checked every 10 seconds.